 Dungeon Crawl Stone Soup version 0.30-a0-313-gae38170b09 (webtiles) character file.

Game seed: 2297256199445343015

322 Hubris850 the Summoner (level 6, 0/76 HPs)
             Began as a Gnoll Wanderer on Oct 26, 2022.
             Slain by a kobold brigand
             ... wielding a +0 dagger
              (4 damage)
             ... on level 4 of the Dungeon.
             The game lasted 00:12:20 (3624 turns).

Hubris850 the Summoner (Gnoll Wanderer)             Turns: 3624, Time: 00:12:21

Health: 0/76       AC: 23    Str: 15    XL:     6   Next: 47%
Magic:  11/11      EV:  2    Int: 13    God:
Gold:   189        SH:  0    Dex:  8    Spells: 10/12 levels left

rFire   + . .      SeeInvis +    n - +2 whip (drain)
rCold   + . .      Faith    .    (no shield)
rNeg    + . .      Spirit   .    (body armour currently unavailable)
rPois   +          Reflect  .    (helmet currently unavailable)
rElec   +          Harm     .    (cloak currently unavailable)
rCorr   +          Rampage  .    (gloves currently unavailable)
Will    .....      NoTele   +    (boots currently unavailable)
Stlth   ++........               (no amulet)
HPRegen 0.32/turn                f - ring of see invisible
MPRegen 0.12/turn                p - ring of positive energy

@: mighty, tree-form, resistant, on berserk cooldown, attractive, hasted and
slowed
A: stationary, stasis, torment immunity, boosted hp, (fangs 1), strong nose,
distributed training
a: no special abilities


You were on level 4 of the Dungeon.
You were a tree.
You visited 2 branches of the dungeon, and saw 5 of its levels.

You collected 189 gold pieces.

Inventory:

Hand Weapons
 a - a +0 short sword
 b - a +1 vorpal sling
 j - a +0 club
 l - a +2 short sword of venom
 n - a +2 whip of draining (weapon)
 q - a +2 dagger of venom
Missiles
 i - 6 poisoned darts
Armour
 c - a +0 ring mail (melded)
 o - a +2 helmet (melded)
Jewellery
 f - a ring of see invisible (left branch)
 p - a ring of positive energy (right branch)
Wands
 t - a wand of charming (10)
Scrolls
 d - a scroll of vulnerability {unknown}
 g - 2 scrolls of butterflies
 m - 2 scrolls of blinking
Potions
 u - 2 potions of lignification


   Skills:
 + Level 5.0 Fighting
 + Level 2.0 Short Blades
 + Level 2.0 Long Blades
 + Level 2.0 Axes
 + Level 2.0 Maces & Flails
 + Level 2.0 Polearms
 + Level 2.0 Staves
 + Level 2.0 Ranged Weapons
 + Level 2.0 Throwing
 + Level 3.3 Armour
 + Level 2.0 Dodging
 + Level 2.0 Stealth
 + Level 2.0 Shields
 + Level 2.0 Unarmed Combat
 + Level 3.5 Spellcasting
 + Level 1.6 Conjurations
 + Level 1.6 Hexes
 + Level 8.9 Summonings
 + Level 1.6 Necromancy
 + Level 1.6 Translocations
 + Level 1.6 Transmutations
 + Level 2.7 Fire Magic
 + Level 1.6 Ice Magic
 + Level 1.6 Air Magic
 + Level 1.6 Earth Magic
 + Level 1.6 Poison Magic
 + Level 2.2 Invocations
 + Level 2.0 Evocations


You had 10 spell levels left.
You knew the following spells:

 Your Spells              Type           Power      Damage    Failure   Level
a - Summon Small Mammal   Summ           100%       N/A       1%          1
b - Foxfire               Conj/Fire      28%        2x1d5     9%          1

Your spell library contained the following spells:

 Spells                   Type           Power      Damage    Failure   Level
 Cigotuvi's Dreadful Rot  Necr/Pois/Air  12%        N/A       17%         2
 Poisonous Vapours        Pois/Air       12%        N/A       17%         2
 Animate Armour           Summ/Erth      32%        N/A       24%         4
 Summon Ice Beast         Ice/Summ       16%        N/A       24%         4
 Ignite Poison            Fire/Tmut/Pois 7%         N/A       28%         3
 Mephitic Cloud           Conj/Pois/Air  6%         N/A       32%         3


Dungeon Overview and Level Annotations

Branches:
Dungeon (4/15)             Temple (1/1) D:4

Altars:
Dithmenos
Elyvilon
Fedhas
Gozag
Hepliaklqana
Kikubaaqudgha
Ru
Sif Muna
Uskayaw
Vehumet
Xom
Zin

Shops:
D:1 (


Innate Abilities, Weirdness & Mutations

You are a tree.
Your roots penetrate the ground, keeping you stationary.
You cannot be teleported.
You are immune to unholy pain and torment.
Your maximum health is greatly increased.
Your equipment is partially melded.
((You have very sharp teeth.))
Your uncanny sense of smell can sniff out nearby items.
Your experience applies equally to all skills.


Message History

You feel sick.
The goblin shoots a sling bullet.
The sling bullet barely misses you.
You feel sick.
The goblin shoots a sling bullet.
The sling bullet hits you but does no damage.
You feel your anger nearly subside.
You feel sick.
You are no longer poisoned.
The goblin shoots a sling bullet.
The sling bullet hits you.
* * * LOW HITPOINT WARNING * * *
You are no longer berserk.
You are exhausted.
You feel as though you will be slow longer.
The goblin shoots a sling bullet.
The sling bullet hits you.
* * * LOW HITPOINT WARNING * * *
It was a potion of attraction.
You feel attractive to monsters.
The goblin shoots a sling bullet.
The sling bullet hits you but does no damage.
The goblin is attracted toward you. The kobold is attracted toward you.
You whack the goblin!
You kill the goblin!
The kobold brigand is attracted toward you.
Aiming: Charm
Press: ? - help, Shift-Dir - straight line, f - kobold brigand
Aim: a kobold brigand, wielding a +0 dagger and quivering curare-tipped darts (chance to affect: 54%)
Okay, then.
Unknown command.
You closely miss the kobold brigand. You barely miss the kobold brigand.
The kobold brigand hits you but does no damage.
You hit the kobold brigand. You drain the kobold brigand.
The kobold brigand is heavily wounded.
The kobold brigand hits you but does no damage.
You hit the kobold brigand.
The kobold brigand is heavily wounded.
The kobold brigand hits you but does no damage.
You miss the kobold brigand.
The kobold brigand is heavily wounded.
The kobold brigand hits you with a +0 dagger.
You die...

##... ###.##......# .....
....##......# ....#
##.##..#......# ..#.#
#..##.........##
###.#####.###...........#.#
###.......##..............#
#....###....##....#...<...
##.#### ##...#....## ...#
#..# #..#...♣K## ...## ..##
#.....###K##....# ##.#
#....## #...?...# ...
#....## ##....<.# .....
....## #.......#
..##......# #g....... .## .
.. #.##..... .. ..# ..##.
.K. ..#


You could see a kobold brigand (drained) and a kobold.

Vanquished Creatures
  A scorpion (D:4)
  A howler monkey (D:4)
  Jessica (D:2)
  An orc wizard (D:3)
  Natasha (D:2)
  2 adders
  An ufetubus (D:4)
  A worm (D:4)
  A dart slug (D:1)
  10 orcs
  4 ball pythons
  7 endoplasms
  3 giant cockroaches
  15 goblins
  12 hobgoblins
  2 jackals (D:1)
  2 quokkas
  7 bats
  4 frilled lizards
  A kobold (D:2)
  9 rats
86 creatures vanquished.

Vanquished Creatures (collateral kills)
  Robin (D:1)
  A dart slug (D:1)
  A ball python (D:1)
  A jackal (D:1)
  2 kobolds (D:1)
6 creatures vanquished.

Vanquished Creatures (others)
  25 foxfires
25 creatures vanquished.

Grand Total: 117 creatures vanquished

Notes
Turn   | Place    | Note
-------+----------+-------------------------------------------
     0 | D:1      | Hubris850 the Gnoll Wanderer began the quest for the Orb.
     0 | D:1      | Hubris850 set off with the following items: a +0 club, a
                  | scroll of blinking, a +0 ring mail; and the following
                  | spells available to memorise: Summon Small Mammal, Foxfire,
                  | Animate Armour, Summon Ice Beast, Ignite Poison.
     0 | D:1      | Reached XP level 1. HP: 20/20 MP: 4/4
     2 | D:1      | Learned a level 1 spell: Summon Small Mammal
     4 | D:1      | Learned a level 1 spell: Foxfire
    18 | D:1      | Found Iveiqaycs's Weapon Shoppe.
   132 | D:1      | Reached XP level 2. HP: 26/26 MP: 3/5
   576 | D:1      | Reached XP level 3. HP: 30/31 MP: 7/7
  1035 | D:1      | Reached skill level 1 in Invocations
  1288 | D:2      | Noticed Robin
  1317 | D:1      | Killed Robin
  1318 | D:1      | Reached skill level 1 in Short Blades
  1318 | D:1      | Reached skill level 1 in Long Blades
  1318 | D:1      | Reached skill level 1 in Axes
  1318 | D:1      | Reached skill level 1 in Maces & Flails
  1318 | D:1      | Reached skill level 1 in Polearms
  1318 | D:1      | Reached skill level 1 in Staves
  1318 | D:1      | Reached skill level 1 in Ranged Weapons
  1318 | D:1      | Reached skill level 1 in Throwing
  1318 | D:1      | Reached skill level 1 in Dodging
  1318 | D:1      | Reached skill level 1 in Stealth
  1318 | D:1      | Reached skill level 1 in Shields
  1318 | D:1      | Reached skill level 1 in Unarmed Combat
  1318 | D:1      | Reached skill level 1 in Evocations
  1395 | D:2      | Reached XP level 4. HP: 33/36 MP: 8/8
  1642 | D:2      | Found a white marble altar of Elyvilon.
  1802 | D:2      | Reached skill level 1 in Conjurations
  1802 | D:2      | Reached skill level 1 in Hexes
  1802 | D:2      | Reached skill level 1 in Necromancy
  1802 | D:2      | Reached skill level 1 in Translocations
  1802 | D:2      | Reached skill level 1 in Transmutations
  1802 | D:2      | Reached skill level 1 in Ice Magic
  1802 | D:2      | Reached skill level 1 in Air Magic
  1802 | D:2      | Reached skill level 1 in Earth Magic
  1802 | D:2      | Reached skill level 1 in Poison Magic
  1810 | D:2      | Noticed Natasha
  1817 | D:2      | Killed Natasha
  2107 | D:2      | Noticed Jessica
  2110 | D:2      | Killed Jessica
  2111 | D:2      | Reached XP level 5. HP: 43/43 MP: 9/9
  2234 | D:3      | Found a faded altar of an unknown god.
  2715 | D:3      | Found a blossoming altar of Fedhas.
  3193 | D:4      | Reached skill level 5 in Fighting
  3193 | D:4      | Reached XP level 6. HP: 50/51 MP: 9/11
  3256 | D:4      | Found a staircase to the Ecumenical Temple.
  3262 | Temple   | Entered the Ecumenical Temple
  3617 | D:4      | HP: 2/76 [goblin/sling bullet (5)]
  3624 | D:4      | Slain by a kobold brigand

Illustrated notes

Levels and vault maps discovered:
D:1:      dpeg_arrival_arbitrary_c, layout_basic, serial_shops, shop_statue
D:2:      layout_loops_ring, basic_altar, minmay_misc_feat_plants, uniq_robin,
          uniq_natasha, uniq_jessica
D:3:      layout_basic, fedhas_altar_2, shapermc_ecumenical_altar_starsandcircs
D:4:      layout_layer_cave, minmay_temple_entry_hall, minmay_misc_feat_x,
          kennysheep_generic_room_16
Temple:   minmay_temple_curvy_loop

Skill      XL: |  1  2  3  4  5  6 |
---------------+-------------------+-----
Fire Magic     | 2 |  2.7
Invocations    | 1 2 |  2.2
Short Blades   | 1 2 |  2.0
Long Blades    | 1 2 |  2.0
Axes           | 1 2 |  2.0
Maces & Flails | 1 2 |  2.0
Polearms       | 1 2 |  2.0
Staves         | 1 2 |  2.0
Ranged Weapons | 1 2 |  2.0
Throwing       | 1 2 |  2.0
Dodging        | 1 2 |  2.0
Stealth        | 1 2 |  2.0
Shields        | 1 2 |  2.0
Unarmed Combat | 1 2 |  2.0
Evocations     | 1 2 |  2.0
Spellcasting   | 3 |  3.5
Conjurations   | 1 |  1.6
Hexes          | 1 |  1.6
Necromancy     | 1 |  1.6
Translocations | 1 |  1.6
Transmutations | 1 |  1.6
Ice Magic      | 1 |  1.6
Air Magic      | 1 |  1.6
Earth Magic    | 1 |  1.6
Poison Magic   | 1 |  1.6
Armour         | 3 |  3.3
Fighting       | 5 |  5.0
Summonings     | |  8.9

Action                   |  1- 3 |  4- 6 || total
-------------------------+-------+-------++-------
Melee: Club              |    75 |       ||    75
       Bite              |     9 |    10 ||    19
       Short sword       |    34 |       ||    34
       Whip              |    13 |   158 ||   171
       Punch             |     2 |     5 ||     7
Throw: Dart              |     1 |       ||     1
 Cast: Foxfire           |    10 |     7 ||    17
       Summon Small Mamm |    10 |     3 ||    13
  Use: Scroll            |       |     8 ||     8
       Potion            |       |     7 ||     7
Armor: Ring mail         |    69 |    58 ||   127
       Skin              |       |     7 ||     7
Dodge: Dodged            |    93 |    61 ||   154

Table legend: (Time is in decaauts)
 A = Elapsed time spent in this place.
 B = Non-inter-level travel time spent in this place.
 C = Inter-level travel time spent in this place.
 D = Time resting spent in this place.
 E = Time spent auto-exploring this place.
 F = Levels seen in this place.
 G = Mean time per level.
                   A        B        C        D        E       F      G
               +--------+--------+--------+--------+--------+-----+--------+
         Total |   3649 |   3473 |    176 |    244 |   2568 |   5 |  729.8 |
       Dungeon |   3432 |   3282 |    150 |    244 |   2382 |   4 |  858.0 |
        Temple |    216 |    190 |     26 |      0 |    186 |   1 |  216.0 |
               +--------+--------+--------+--------+--------+-----+--------+

Top non-repeatable levels by time:
     D:1: 1243 daAuts
     D:3: 1037 daAuts
     D:2: 906 daAuts
     D:4: 245 daAuts
  Temple: 216 daAuts
